 Dungeon Sprint DCSS version 0.22-a0-422-g9628fc87f1 (webtiles) character file.

15661 Ebeneezer the Impaler (level 12, -17/121 HPs)
             Began as a Centaur Berserker on May 22, 2018.
             Was the Champion of Trog.
             Killed from afar by an ice dragon (46 damage)
             ... with a blast of cold
             ... in the Dungeon (Sprint IX: "|||||||||||||||||||||||||||||").
             The game lasted 00:06:05 (2890 turns).

Ebeneezer the Impaler (Centaur Berserker)           Turns: 2890, Time: 00:06:06

Health: -17/121    AC: 22    Str: 29    XL:     12   Next: 3%
Magic:  4/4        EV: 12    Int:  6    God:    Trog [******]
Gold:   1472       SH:  0    Dex: 15    Spells: 11/11 levels left

rFire    + . .     SeeInvis +   J - +4 spear of the Jolly Moons {antimagic, *Corrode Str+4 Dex+6}
rCold    . . .     Gourm    .   (no shield)
rNeg     . . .     Faith    .   a - +2 chain mail {rF+}
rPois    .         Spirit   .   B - +2 helmet {SInv}
rElec    .         Reflect  .   n - +0 cloak
rCorr    .         Harm     .   K - +1 pair of gloves
MR       ++...     NoTele   +   (no barding)
Stlth    ..........             (no amulet)
HPRegen  1.30/turn              r - +2 ring of protection
MPRegen  0.09/turn              q - +2 ring of evasion

@: berserk cooldown, regenerating, slowed
A: large, hooves 3, deformed body, speed 2, tough skin 3
a: Berserk, Trog's Hand, Brothers in Arms, Renounce Religion


You were in the Dungeon.
You worshipped Trog.
Trog was exalted by your worship.
You were not hungry.

You visited 1 branch You collected 1923 gold pieces.
You spent 451 gold pieces at shops.

Inventory:

Hand Weapons
 m - a +2 halberd of protection
 p - a +1 arbalest of freezing
 v - a +3 antimagic halberd
 x - a +2 glaive of freezing
 y - a +4 trident of distortion
 J - the +4 spear of the Jolly Moons (weapon) {antimagic, *Corrode Str+4 Dex+6}
   (You found it in the Dungeon)

   It reduces the magical energy of the wielder, and disrupts the spells and
   magical abilities of those hit.
   Natural abilities and divine invocations are not affected.
   It affects your strength (+4).
   It affects your dexterity (+6).
   It may corrode you when you take damage.
 M - a +0 triple crossbow
Armour
 a - a +2 chain mail of fire resistance (worn)
 n - a +0 cloak (worn)
 B - a +2 helmet of see invisible (worn)
 K - a +1 pair of gloves (worn)
Jewellery
 q - a +2 ring of evasion (right hand)
 r - a +2 ring of protection (left hand)
 w - an uncursed ring of protection from fire
 G - an uncursed ring of fire
 H - an uncursed ring of protection from cold
 I - an uncursed ring of protection from cold
Wands
 A - a wand of acid (5)
 C - a wand of random effects (23)
Scrolls
 i - 2 scrolls of blinking
 k - 4 scrolls of remove curse
 s - 3 scrolls of identify
 t - 2 scrolls of fear
 u - 4 scrolls of enchant armour
 D - a scroll of summoning {unknown}
 E - a scroll of magic mapping {unknown}
 L - 4 scrolls of enchant weapon
Potions
 b - 2 potions of resistance
 d - 6 potions of curing
 e - 2 potions of heal wounds
 f - 3 potions of haste
 g - 4 potions of magic
 h - 2 potions of berserk rage
 j - a potion of invisibility
 l - 2 potions of agility
 z - a potion of mutation
 F - a potion of degeneration {unknown}
Comestibles
 c - 11 rations
 o - a chunk of flesh


   Skills:
 + Level 15.4 Fighting
 + Level 18.3 Polearms
 * Level 3.7 Crossbows
 + Level 11.7 Armour
 + Level 5.0 Dodging


You had 11 spell levels left.
You didn't know any spells.
Your spell library was empty.

Dungeon Overview and Level Annotations

Branches:
Dungeon (1/1)

Altars:
Cheibriados
Dithmenos
Elyvilon
Fedhas
Gozag
Hepliaklqana
Kikubaaqudgha
Makhleb
Nemelex Xobeh
Okawaru
Qazlal
Ru
Sif Muna
Trog
Uskayaw
Vehumet
Wu Jian
Xom
Yredelemnul
Zin
The Shining One
Beogh
Jiyva
Lugonu

Shops:
D *?[:


Innate Abilities, Weirdness & Mutations

You have hooves in place of feet.
Armour fits poorly on your strangely shaped body.
You cover ground very quickly.
You have extremely tough skin. (AC +3)


Message History

You stumble backwards!
You feel much better.
The ice dragon bites you but does no damage.
The ice dragon claws you.
* * * LOW HITPOINT WARNING * * *
The ice dragon closely misses you.
Unknown command.
You impale the ice dragon!!
You kick the ice dragon, but do no damage.
The ice dragon is almost dead.
The ice dragon bites you.
* * * LOW HITPOINT WARNING * * *
The ice dragon claws you but does no damage.
The ice dragon tramples you!
* * * LOW HITPOINT WARNING * * *
You stumble backwards!
You feel much better. The ice dragon breathes frost at you.
The blast of cold hits you!
You die...

▓.▓.▓.▓.▓.▓.▓_▓
▓.▓.▓.▓.▓.▓.▓_▓
▓[▓.▓)▓.▓.▓.▓_▓
▓[▓.▓)▓.▓.▓.▓_▓
▓[▓.▓)▓.▓.▓.▓_▓
▓[▓.▓(▓.▓.▓.▓_▓
▓[▓.▓)▓.▓.▓.▓_▓
▓[▓.▓)▓.▓÷▓.▓_▓
▓@▓.▓)▓.▓.▓.▓_▓
▓D▓.▓)▓.▓.▓.▓_▓
▓G▓.▓.▓.▓.▓.▓_▓
▓.▓.▓.▓.▓.▓.▓_▓
▓(▓.▓.▓.▓.▓.▓_▓
▓.▓.▓.▓.▓.▓.▓_▓
▓.▓.▓.▓.▓.▓.▓_▓
▓.▓.▓.▓.▓.▓.▓_▓
▓.▓)▓)▓.▓.▓.▓_▓


You could see an ice dragon and a great orb of eyes.

Vanquished Creatures
  3 ogre magi (D)
  A hydra (D)
  Erica (D)
  A deep troll shaman (D)
  Sonja (D)
  4 deep trolls (D)
  2 unseen horrors (D)
  An orc knight (D)
  2 spiny frogs (D)
  A torpor snail (D)
  A freezing wraith (D)
  3 komodo dragons (D)
  2 trolls (D)
  A slime creature (D)
  2 basilisks (D)
  2 hungry ghosts (D)
  Grum (D)
  2 vampire mosquitoes (D)
  A warg (D)
  3 hell hounds (D)
  3 porcupines (D)
  A water moccasin (D)
  7 orc warriors (D)
  A sky beast (D)
  An ice beast (D)
  7 wolves (D)
  A centaur (D)
  A crocodile (D)
  6 bullfrogs (D)
  2 jellies (D)
  5 orc priests (D)
  A worker ant (D)
  2 orc wizards (D)
  2 adders (D)
  An ooze (D)
  An adder skeleton (D)
  An adder zombie (D)
  4 orcs (D)
  A ball python (D)
  A bat skeleton (D)
  A bat zombie (D)
  A goblin (D)
  A quokka (D)
  A bat (D)
  A giant cockroach zombie (D)
  A kobold (D)
90 creatures vanquished.

Vanquished Creatures (collateral kills)
  An ogre mage (D)
  A deep troll (D)
  An orc knight (D)
  A komodo dragon (D)
  2 trolls (D)
  4 orc warriors (D)
  An orc priest (D)
11 creatures vanquished.

Grand Total: 101 creatures vanquished

Notes
Turn   | Place    | Note
-------+----------+-------------------------------------------
     0 | D        | Ebeneezer the Centaur Berserker began the quest for the Orb.
     0 | D        | Reached XP level 1. HP: 19/19 MP: 1/1
     7 | D        | Reached skill level 3 in Polearms
    10 | D        | Reached ** piety under Trog
    10 | D        | Reached skill level 4 in Polearms
    16 | D        | Reached XP level 2. HP: 23/26 MP: 2/2
    65 | D        | Reached *** piety under Trog
    65 | D        | Reached skill level 6 in Polearms
    65 | D        | Reached XP level 3. HP: 31/31 MP: 3/3
    66 | D        | Reached skill level 7 in Polearms
    66 | D        | Reached XP level 4. HP: 38/38 MP: 4/4
    71 | D        | Reached skill level 8 in Polearms
   132 | D        | Found a roughly hewn altar of Beogh.
   132 | D        | Found a snail-covered altar of Cheibriados.
   132 | D        | Found a shadowy altar of Dithmenos.
   132 | D        | Found a white marble altar of Elyvilon.
   132 | D        | Found a blossoming altar of Fedhas.
   132 | D        | Found an opulent altar of Gozag.
   133 | D        | Found a hazy altar of Hepliaklqana.
   134 | D        | Found a viscous altar of Jiyva.
   135 | D        | Found an ancient bone altar of Kikubaaqudgha.
   136 | D        | Found a corrupted altar of Lugonu.
   137 | D        | Found a burning altar of Makhleb.
   138 | D        | Found a sparkling altar of Nemelex Xobeh.
   139 | D        | Found an iron altar of Okawaru.
   140 | D        | Found a stormy altar of Qazlal.
   141 | D        | Found a sacrificial altar of Ru.
   142 | D        | Found a deep blue altar of Sif Muna.
   143 | D        | Found a bloodstained altar of Trog.
   144 | D        | Found a hide-covered altar of Uskayaw.
   145 | D        | Found a radiant altar of Vehumet.
   146 | D        | Found an ornate altar of the Wu Jian Council.
   147 | D        | Found a shimmering altar of Xom.
   148 | D        | Found a basalt altar of Yredelemnul.
   149 | D        | Found a glowing silver altar of Zin.
   150 | D        | Found a glowing golden altar of the Shining One.
   202 | D        | Noticed a hungry ghost
   202 | D        | Noticed a sky beast
   206 | D        | Reached **** piety under Trog
   222 | D        | Killed a hungry ghost
   222 | D        | Reached skill level 5 in Fighting
   222 | D        | Reached skill level 9 in Polearms
   222 | D        | Reached XP level 5. HP: 48/50 MP: 5/5
   232 | D        | Killed an unseen horror
   232 | D        | Reached ***** piety under Trog
   232 | D        | Reached skill level 11 in Polearms
   232 | D        | Reached XP level 6. HP: 19/63 MP: 6/6
   232 | D        | Reached XP level 7. HP: 21/70 MP: 7/7
   473 | D        | Noticed a hungry ghost
   473 | D        | Noticed a six-headed hydra
   476 | D        | Received a gift from Trog
   476 | D        | Reached skill level 5 in Armour
   478 | D        | Killed a hungry ghost
   478 | D        | Reached XP level 8. HP: 75/79 MP: 8/8
   483 | D        | Reached skill level 10 in Fighting
   488 | D        | Killed a six-headed hydra
   488 | D        | Reached skill level 12 in Polearms
   762 | D        | Noticed a komodo dragon
   766 | D        | Noticed a komodo dragon
   772 | D        | Reached XP level 9. HP: 89/89 MP: 9/9
   775 | D        | Killed a komodo dragon
   777 | D        | Reached skill level 13 in Polearms
   782 | D        | Killed a komodo dragon
   787 | D        | Received a gift from Trog
   821 | D        | Noticed a spiny frog
   821 | D        | Noticed a spiny frog
   821 | D        | Noticed a torpor snail
   825 | D        | Killed a spiny frog
   831 | D        | Killed a spiny frog
   833 | D        | Noticed a komodo dragon
   837 | D        | Killed a torpor snail
   837 | D        | Reached skill level 14 in Polearms
   837 | D        | Reached XP level 10. HP: 84/100 MP: 5/10
   849 | D        | Received a gift from Trog
  1194 | D        | Received a gift from Trog
  1376 | D        | Noticed Sonja
  1402 | D        | Killed Sonja
  1601 | D        | Received a gift from Trog
  1601 | D        | Reached skill level 15 in Polearms
  1773 | D        | Noticed an orc knight
  1776 | D        | Killed an orc knight
  1776 | D        | Received a gift from Trog
  1776 | D        | Reached skill level 10 in Armour
  1781 | D        | Noticed an orc knight
  1783 | D        | Reached ****** piety under Trog
  1797 | D        | Killed an orc knight
  1800 | D        | Received a gift from Trog
  1968 | D        | Found Gyts's Assorted Antiques.
  1968 | D        | Noticed a deep troll
  1968 | D        | Noticed a deep troll
  1968 | D        | Noticed an ogre mage
  1969 | D        | Noticed an ogre mage
  1972 | D        | Killed a deep troll
  1972 | D        | Reached XP level 11. HP: 110/110 MP: 11/11
  1979 | D        | Killed a deep troll
  1979 | D        | Reached skill level 16 in Polearms
  1982 | D        | Killed an ogre mage
  1988 | D        | Killed an ogre mage
  1988 | D        | Received a gift from Trog
  1989 | D        | Noticed a deep troll
  2039 | D        | Killed a deep troll
  2039 | D        | Reached skill level 17 in Polearms
  2163 | D        | Found Qutuuna's Magic Scroll Shoppe.
  2310 | D        | Found Astey's Armour Emporium.
  2312 | D        | Noticed an ogre mage
  2313 | D        | Found Kaargh's Book Shoppe.
  2314 | D        | Noticed a deep troll
  2315 | D        | Noticed a deep troll
  2322 | D        | Killed an ogre mage
  2330 | D        | Killed a deep troll
  2330 | D        | Killed a deep troll
  2330 | D        | Reached skill level 5 in Dodging
  2332 | D        | Received a gift from Trog
  2333 | D        | Noticed an ogre mage
  2337 | D        | Killed an ogre mage
  2522 | D        | Bought a +2 helmet of see invisible for 279 gold pieces
  2526 | D        | Bought a fluorescent wand for 100 gold pieces
  2526 | D        | Bought a scroll labeled URUYSE FA CIGH for 25 gold pieces
  2526 | D        | Bought a scroll labeled SUASHE VUCKYNEU for 25 gold pieces
  2526 | D        | Bought a sedimented yellow potion for 22 gold pieces
  2585 | D        | Noticed Grum
  2589 | D        | Killed Grum
  2589 | D        | Reached skill level 15 in Fighting
  2617 | D        | Noticed Erica
  2625 | D        | Killed Erica
  2625 | D        | Received a gift from Trog
  2704 | D        | Got the +4 spear of the Jolly Moons {antimagic, *Corrode Str+4 Dex+6}
  2754 | D        | Noticed an unseen horror
  2764 | D        | Reached skill level 1 in Crossbows
  2772 | D        | Killed an unseen horror
  2772 | D        | Reached skill level 18 in Polearms
  2776 | D        | Received a gift from Trog
  2793 | D        | Noticed a deep troll shaman
  2842 | D        | Killed a deep troll shaman
  2842 | D        | Reached XP level 12. HP: 121/121 MP: 4/12
  2870 | D        | Noticed an ice dragon
  2872 | D        | Noticed a great orb of eyes
  2887 | D        | HP: 3/121 [ice dragon (8)]
  2890 | D        | Killed from afar by an ice dragon

Vault maps used:
D:        linesprint

Skill      XL: |  1  2  3  4  5  6  7  8  9 10 11 |
---------------+----------------------------------+-----
Polearms       | 4 6 7 9 11 12 14 15 18 | 18.3
Fighting       | 5 9 11 12 14 15 | 15.4
Armour         | 2 4 5 6 8 10 11 | 11.7
Dodging        | 2 3 4 5 |  5.0
Crossbows      | 3 |  3.7

Action                   |  1- 3 |  4- 6 |  7- 9 | 10-12 || total
-------------------------+-------+-------+-------+-------++-------
Melee: Spear             |    18 |     5 |     4 |    51 ||    78
       Kick              |     5 |     5 |     7 |    38 ||    55
       Halberd           |       |    25 |    39 |    12 ||    76
       Glaive            |       |       |       |   106 ||   106
       Trident           |       |       |       |     5 ||     5
Invok: Berserk           |     1 |     1 |     2 |     7 ||    11
       Brothers in Arms  |       |       |     1 |     4 ||     5
       Trog's Hand       |       |       |       |     2 ||     2
Evoke: Wand              |       |     2 |     8 |       ||    10
  Use: Potion            |       |       |       |     3 ||     3
  Eat: Chunk             |       |       |     6 |    16 ||    22
Armor: Animal skin       |     6 |       |       |       ||     6
       Plate armour      |       |    23 |    17 |    32 ||    72
       Chain mail        |       |       |       |    31 ||    31
Dodge: Dodged            |     3 |     3 |    11 |    49 ||    66

Table legend:
 A = Spawn XP
 B = Non-spawn XP
 C = Spawn XP percentage of total XP
 D = Spawn monster count
 E = Non-spawn monster count
 F = Spawn count percentage of total count
 G = Total turns spent on level
                    A         B        C        D         E        F      G
               +---------+---------+-------+---------+---------+-------+---------
         Total |       0 |   22374 |   0.0 |       0 |     101 |   0.0 |  2890
               +---------+---------+-------+---------+---------+-------+---------
             D |       0 |   22374 |   0.0 |       0 |     101 |   0.0 |  2890
               +---------+---------+-------+---------+---------+-------+---------
